MID
QUAD CITIES RIVER BANDITS @ DELMARVA SHOREBIRDS
05/26/2044
 
TOP OF THE 1ST
Quad Cities River Bandits batting - Pitching for Delmarva Shorebirds : LHP John Dyer
Pitching: LHP John Dyer
Batting: RHB Joe Cook 0-0: Swinging Strike
0-1: Ball
1-1: Foul Ball, location: 2F
1-2: Foul Ball, location: 2F
1-2: Foul Ball, location: 2F
1-2: Ball
2-2: SINGLE (Line Drive, 89M, EV 96.9 MPH)
Batting: LHB Doug Anderson 0-0: Called Strike
0-1: Swinging Strike
0-2: Ball
1-2: Strikes out looking
Batting: RHB Pete Isley 0-0: Ball
Joe Cook is caught stealing 2nd base 2-4
1-0: Swinging Strike
1-1: Foul Ball, location: 2F
1-2: Strikes out looking
Top of the 1st over - 0 runs, 1 hit, 0 errors, 0 left on base; Quad Cities 0 - Delmarva 0
BOTTOM OF THE 1ST
Delmarva Shorebirds batting - Pitching for Quad Cities River Bandits : RHP Jayson Campbell
Pitching: RHP Jayson Campbell
Batting: LHB Pat Shaddock 0-0: Foul Ball, location: 2F
0-1: Swinging Strike
0-2: Hit by Pitch
Batting: RHB Francisco Viera 0-0: Ball
1-0: Ground out 6-3 (Groundball, 6M, EV 88.8 MPH)
Pat Shaddock to second
Batting: LHB Andrew Erens 0-0: Called Strike
0-1: Swinging Strike
0-2: Ball
1-2: Ball
2-2: Ground out 6-3 (Groundball, 56, EV 90.0 MPH)
Batting: RHB Dan Staggs 0-0: Called Strike
0-1: Called Strike
0-2: Ball
1-2: Foul Ball, location: 2F
1-2: Ball
2-2: DOUBLE (Line Drive, 9LD, EV 103.1 MPH)
Pat Shaddock scores
Batting: RHB Willie Manrique 0-0: Ground out 4-3 (Groundball, 4, EV 107.5 MPH)
Bottom of the 1st over - 1 run, 1 hit, 0 errors, 1 left on base; Quad Cities 0 - Delmarva 1
TOP OF THE 2ND
Quad Cities River Bandits batting - Pitching for Delmarva Shorebirds : LHP John Dyer
Batting: LHB Angelo Vasquez 0-0: Foul Ball, location: 2F
0-1: Swinging Strike
0-2: Ball
1-2: Foul Ball, location: 2F
1-2: Ball
2-2: Strikes out swinging
Batting: RHB Raul Sanchez 0-0: Ball
1-0: Ball
2-0: Foul Ball, location: 2F
2-1: Swinging Strike
2-2: Strikes out swinging
Batting: SHB Paskar Adegoke 0-0: Reached on error, E1 (Groundball, 15S, EV 65.0 MPH)
Batting: LHB Kelvin Jones 0-0: Called Strike
0-1: Called Strike
0-2: Strikes out swinging
Top of the 2nd over - 0 runs, 0 hits, 1 error, 1 left on base; Quad Cities 0 - Delmarva 1
BOTTOM OF THE 2ND
Delmarva Shorebirds batting - Pitching for Quad Cities River Bandits : RHP Jayson Campbell
Batting: LHB Momoru Yasui 0-0: Ball
1-0: Swinging Strike
1-1: Swinging Strike
1-2: Ball
2-2: Ball
3-2: Foul Ball, location: 2F
3-2: Strikes out looking
Batting: SHB Hugo Moreno 0-0: Ball
1-0: Called Strike
1-1: Swinging Strike
1-2: Ball
2-2: Foul Ball, location: 2F
2-2: Strikes out swinging
Batting: RHB Mario Luna 0-0: Ball
1-0: Swinging Strike
1-1: Ball
2-1: Foul Ball, location: 2F
2-2: Ball
3-2: Foul Ball, location: 2F
3-2: Base on Balls
Batting: LHB Rodolfo Montes 0-0: Ball
1-0: Foul Ball, location: 2F
1-1: Ball
2-1: TRIPLE (Flyball, 9LD, EV 100.0 MPH)
Mario Luna scores
Batting: LHB Pat Shaddock 0-0: Ball
1-0: Ball
2-0: Called Strike
2-1: Foul Ball, location: 2F
2-2: Ball
3-2: Base on Balls
Batting: RHB Francisco Viera 0-0: Ball
1-0: Called Strike
1-1: Ball
2-1: Ground out 4-3 (Groundball, 4, EV 86.3 MPH)
Bottom of the 2nd over - 1 run, 1 hit, 0 errors, 2 left on base; Quad Cities 0 - Delmarva 2
TOP OF THE 3RD
Quad Cities River Bandits batting - Pitching for Delmarva Shorebirds : LHP John Dyer
Batting: RHB Colin Cranford 0-0: Fly out, F8 (Flyball, 8RD, EV 82.5 MPH)
Batting: RHB Steve Moore 0-0: Called Strike
0-1: Ground out 6-3 (Groundball, 6, EV 100.6 MPH)
Batting: RHB Joe Cook 0-0: Called Strike
0-1: Ball
1-1: SINGLE (Groundball, 34D, EV 104.4 MPH)
Batting: LHB Doug Anderson Balk!
Joe Cook to second
0-0: Called Strike
0-1: Ball
1-1: SINGLE (Flyball, 8RS, EV 95.0 MPH)
Joe Cook to third
Batting: RHB Pete Isley 0-0: Ball
1-0: Foul Ball, location: 2F
1-1: Fly out, F7 (Flyball, 7D, EV 102.5 MPH)
Top of the 3rd over - 0 runs, 2 hits, 0 errors, 2 left on base; Quad Cities 0 - Delmarva 2
BOTTOM OF THE 3RD
Delmarva Shorebirds batting - Pitching for Quad Cities River Bandits : RHP Jayson Campbell
Batting: LHB Andrew Erens 0-0: Called Strike
0-1: Ball
1-1: Swinging Strike
1-2: Foul Ball, location: 2F
1-2: Foul Ball, location: 2F
1-2: Ball
2-2: Ball
3-2: Base on Balls
Batting: RHB Dan Staggs 0-0: Ball
1-0: Fly out, F8 (Flyball, 89D, EV 92.5 MPH)
Batting: RHB Willie Manrique 0-0: Ball
1-0: Ball
2-0: Foul Ball, location: 2F
2-1: Called Strike
2-2: Foul Ball, location: 2F
2-2: Foul Ball, location: 2F
2-2: Ball
Andrew Erens steals 2nd base (no throw)
3-2: Fly out, F9 (Line Drive, 9D, EV 87.5 MPH)
Runner from 2nd tags up, SAFE at 3rd, no throw by RF
Batting: LHB Momoru Yasui 0-0: Ground out 6-3 (Groundball, 4MS, EV 81.9 MPH)
Bottom of the 3rd over - 0 runs, 0 hits, 0 errors, 1 left on base; Quad Cities 0 - Delmarva 2
TOP OF THE 4TH
Quad Cities River Bandits batting - Pitching for Delmarva Shorebirds : LHP John Dyer
Batting: LHB Angelo Vasquez 0-0: Ball
1-0: Ball
2-0: Ground out 4-3 (Groundball, 4S, EV 90.6 MPH)
Batting: RHB Raul Sanchez 0-0: Ball
1-0: Called Strike
1-1: Called Strike
1-2: Ball
2-2: Foul Ball, location: 2F
2-2: Ground out 4-3 (Groundball, 4S, EV 78.1 MPH)
Batting: SHB Paskar Adegoke 0-0: Ball
1-0: Swinging Strike
1-1: Called Strike
1-2: Strikes out swinging
Top of the 4th over - 0 runs, 0 hits, 0 errors, 0 left on base; Quad Cities 0 - Delmarva 2
BOTTOM OF THE 4TH
Delmarva Shorebirds batting - Pitching for Quad Cities River Bandits : RHP Jayson Campbell
Batting: SHB Hugo Moreno 0-0: Ball
1-0: Ball
2-0: Ball
3-0: Called Strike
3-1: Foul Ball, location: 2F
3-2: Strikes out swinging
Batting: RHB Mario Luna 0-0: Ball
1-0: Swinging Strike
1-1: Ball
2-1: Foul Ball, location: 2F
2-2: Fly out, F6 (Popup, 6MD, EV 49.4 MPH)
Batting: LHB Rodolfo Montes 0-0: Foul Ball, location: 2F
0-1: Swinging Strike
0-2: Fly out, F9 (Line Drive, 9, EV 101.9 MPH)
Bottom of the 4th over - 0 runs, 0 hits, 0 errors, 0 left on base; Quad Cities 0 - Delmarva 2
TOP OF THE 5TH
Quad Cities River Bandits batting - Pitching for Delmarva Shorebirds : LHP John Dyer
Batting: LHB Kelvin Jones 0-0: Called Strike
0-1: Ball
1-1: Ball
2-1: Foul Ball, location: 2F
2-2: Strikes out swinging
Batting: RHB Colin Cranford 0-0: Ball
1-0: Foul Ball, location: 2F
1-1: Ball
2-1: Foul Ball, location: 2F
2-2: Strikes out swinging, 2-3 out at first.
Batting: RHB Steve Moore 0-0: Called Strike
0-1: Foul Ball, location: 2F
0-2: Strikes out swinging
Top of the 5th over - 0 runs, 0 hits, 0 errors, 0 left on base; Quad Cities 0 - Delmarva 2
BOTTOM OF THE 5TH
Delmarva Shorebirds batting - Pitching for Quad Cities River Bandits : RHP Jayson Campbell
Batting: LHB Pat Shaddock 0-0: Foul Ball, location: 2F
0-1: Ball
1-1: Swinging Strike
1-2: Ball
2-2: Strikes out looking
Batting: RHB Francisco Viera 0-0: Called Strike
0-1: Ball
1-1: DOUBLE (Line Drive, 89D, EV 101.3 MPH)
Batting: LHB Andrew Erens 0-0: Foul Ball, location: 2F
0-1: Ball
1-1: Foul Ball, location: 2F
1-2: Foul Ball, location: 2F
1-2: Ball
2-2: Foul Ball, location: 2F
2-2: Ball
3-2: SINGLE (Groundball, 56D, EV 90.0 MPH) (infield hit)
Francisco Viera to third
Batting: RHB Dan Staggs 0-0: Ball
1-0: Foul Ball, location: 2F
1-1: Ball
2-1: SINGLE (Line Drive, 56, EV 95.0 MPH)
Francisco Viera scores
Andrew Erens to second
Pitching: RHP Justin Coney
Batting: RHB Willie Manrique 0-0: Ball
1-0: Foul Ball, location: 2F
1-1: Ball
2-1: Fly out, F9 (Flyball, 9LM, EV 73.8 MPH)
Batting: LHB Momoru Yasui 0-0: Ball
Dan Staggs steals 2nd base
Andrew Erens steals 3rd base
1-0: Ball
2-0: Foul Ball, location: 2F
2-1: Swinging Strike
2-2: Ball
3-2: Strikes out looking
Bottom of the 5th over - 1 run, 3 hits, 0 errors, 2 left on base; Quad Cities 0 - Delmarva 3
TOP OF THE 6TH
Quad Cities River Bandits batting - Pitching for Delmarva Shorebirds : LHP John Dyer
Batting: RHB Joe Cook 0-0: Ball
1-0: Foul Ball, location: 2F
1-1: Swinging Strike
1-2: Strikes out swinging
Batting: LHB Doug Anderson 0-0: Called Strike
0-1: Called Strike
0-2: Ball
1-2: Ball
2-2: Ground out U3 (Groundball, 3L, EV 86.9 MPH)
Batting: RHB Pete Isley 0-0: Ball
1-0: Ground out 4-3 (Groundball, 34, EV 86.3 MPH)
Top of the 6th over - 0 runs, 0 hits, 0 errors, 0 left on base; Quad Cities 0 - Delmarva 3
BOTTOM OF THE 6TH
Delmarva Shorebirds batting - Pitching for Quad Cities River Bandits : RHP Justin Coney
Batting: SHB Hugo Moreno 0-0: Called Strike
0-1: Swinging Strike
0-2: Foul Ball, location: 2F
0-2: Ball
1-2: Ball
2-2: Ball
3-2: Base on Balls
Batting: RHB Mario Luna 0-0: Fly out, F8 (Flyball, 78XD, EV 91.3 MPH)
Batting: LHB Rodolfo Montes 0-0: Ball
1-0: Swinging Strike
1-1: Ball
2-1: TRIPLE (Flyball, 78XD, EV 96.9 MPH)
Hugo Moreno scores
Batting: LHB Pat Shaddock 0-0: Ball
1-0: Ball
2-0: Fly out, F6 (Flyball, 56D, EV 90.6 MPH)
Batting: RHB Francisco Viera 0-0: Ball
1-0: Ball
2-0: Ball
3-0: Base on Balls
Pitching: RHP Ray Leuthauser
Batting: LHB Andrew Erens 0-0: Ball
1-0: Called Strike
1-1: Ball
2-1: Swinging Strike
2-2: Strikes out swinging
Bottom of the 6th over - 1 run, 1 hit, 0 errors, 2 left on base; Quad Cities 0 - Delmarva 4
TOP OF THE 7TH
Quad Cities River Bandits batting - Pitching for Delmarva Shorebirds : LHP John Dyer
Batting: LHB Angelo Vasquez 0-0: Foul Ball, location: 2F
0-1: Foul Ball, location: 2F
0-2: Strikes out looking
Batting: RHB Raul Sanchez 0-0: Ball
1-0: Ball
2-0: Called Strike
2-1: Swinging Strike
2-2: Foul Ball, location: 2F
2-2: Ball
3-2: Base on Balls
Batting: SHB Paskar Adegoke 0-0: SINGLE (Flyball, 8LS, EV 95.0 MPH)
Raul Sanchez to second
Batting: LHB Kelvin Jones 0-0: Ball
1-0: Ball
2-0: Swinging Strike
2-1: SINGLE (Groundball, 5S, EV 74.4 MPH) (infield hit)
Raul Sanchez to third
Paskar Adegoke to second
Pitching: LHP Justin Hinton
Batting: RHB Colin Cranford 0-0: Ball
1-0: Called Strike
1-1: Called Strike
1-2: Strikes out swinging
Batting: RHB Steve Moore 0-0: Called Strike
0-1: Foul Ball, location: 2F
0-2: Ball
1-2: Strikes out swinging
Top of the 7th over - 0 runs, 2 hits, 0 errors, 3 left on base; Quad Cities 0 - Delmarva 4
BOTTOM OF THE 7TH
Delmarva Shorebirds batting - Pitching for Quad Cities River Bandits : RHP Ray Leuthauser
Batting: RHB Dan Staggs 0-0: Ball
1-0: Foul Ball, location: 2F
1-1: Ball
2-1: Fly out, F9 (Line Drive, 9, EV 88.8 MPH)
Batting: RHB Willie Manrique 0-0: Ball
1-0: Called Strike
1-1: Foul Ball, location: 2F
1-2: Ground out U3 (Groundball, 3S, EV 86.3 MPH)
Batting: LHB Momoru Yasui 0-0: Foul Ball, location: 2F
0-1: Swinging Strike
0-2: Strikes out looking
Bottom of the 7th over - 0 runs, 0 hits, 0 errors, 0 left on base; Quad Cities 0 - Delmarva 4
TOP OF THE 8TH
Quad Cities River Bandits batting - Pitching for Delmarva Shorebirds : LHP Justin Hinton
Batting: RHB Joe Cook 0-0: Called Strike
0-1: Called Strike
0-2: Ball
1-2: Strikes out swinging
Batting: LHB Doug Anderson 0-0: Ball
1-0: Swinging Strike
1-1: Ball
2-1: Ground out 4-3 (Groundball, 4, EV 90.0 MPH)
Batting: RHB Pete Isley 0-0: Called Strike
0-1: Foul Ball, location: 2F
0-2: Ball
1-2: Strikes out swinging
Top of the 8th over - 0 runs, 0 hits, 0 errors, 0 left on base; Quad Cities 0 - Delmarva 4
BOTTOM OF THE 8TH
Delmarva Shorebirds batting - Pitching for Quad Cities River Bandits : RHP Ray Leuthauser
Batting: SHB Hugo Moreno 0-0: Ball
1-0: Ground out U3 (Groundball, 3, EV 90.6 MPH)
Batting: RHB Mario Luna 0-0: Ball
1-0: Ball
2-0: Foul Ball, location: 2F
2-1: Ball
3-1: Base on Balls
Batting: LHB Rodolfo Montes 0-0: SINGLE (Groundball, P, EV 84.4 MPH) (infield hit)
Mario Luna to second
Batting: LHB Pat Shaddock 0-0: Called Strike
0-1: Foul Ball, location: 2F
0-2: Foul Ball, location: 2F
0-2: Ball
1-2: Ball
2-2: SINGLE (Groundball, 6D, EV 98.1 MPH)
Mario Luna to third
Rodolfo Montes to second
Runner from 3rd tries for Home, SAFE, throw by LF to home
Pitching: RHP Tim Watson
Batting: RHB Francisco Viera 0-0: Foul Ball, location: 2F
0-1: Called Strike
0-2: Ball
1-2: Foul Ball, location: 2F
1-2: Foul Ball, location: 2F
1-2: Ball
2-2: Ball
3-2: Base on Balls
Rodolfo Montes to third
Pat Shaddock to second
Batting: LHB Andrew Erens 0-0: Ball
1-0: Ball
2-0: Fly out, F5 (Line Drive, 5, EV 65.6 MPH)
Batting: RHB Dan Staggs 0-0: Foul Ball, location: 2F
0-1: Ground out 1-3 (Groundball, 13, EV 62.5 MPH)
Bottom of the 8th over - 1 run, 2 hits, 0 errors, 3 left on base; Quad Cities 0 - Delmarva 5
TOP OF THE 9TH
Quad Cities River Bandits batting - Pitching for Delmarva Shorebirds : LHP Justin Hinton
Batting: LHB Angelo Vasquez 0-0: Swinging Strike
0-1: Ball
1-1: Foul Ball, location: 2F
1-2: Foul Ball, location: 2F
1-2: Strikes out swinging
Batting: RHB Raul Sanchez 0-0: Foul Ball, location: 2F
0-1: Ball
1-1: Foul Ball, location: 2F
1-2: Foul Ball, location: 2F
1-2: Ball
2-2: DOUBLE (Groundball, 5L, EV 103.1 MPH)
Pitching: RHP Wayne Lammers
Batting: SHB Paskar Adegoke 0-0: Called Strike
0-1: Foul Ball, location: 2F
0-2: Ball
1-2: Strikes out looking
Batting: LHB Kelvin Jones 0-0: Ball
1-0: Swinging Strike
1-1: Foul Ball, location: 2F
1-2: Ball
2-2: Foul Ball, location: 2F
2-2: Strikes out swinging
Top of the 9th over - 0 runs, 1 hit, 0 errors, 1 left on base; Quad Cities 0 - Delmarva 5
Thursday, March 31st , 2022 - OOTP Baseball 22.12 Build 89